Cogmind - Beta 12 @@@ ROGUE MODE // 2023.03.11 @ 00:01:05 // Winter2019/RPGLIKE Player: Delirus Result: Self-destructed Performance ------------- Evolutions (0) 0 Regions Visited (4) 800 Robots Destroyed (30) 150 Value Destroyed (601) 601 Prototype IDs (24) 480 Alien Tech Used (0) 0 Bonus (300) 300 TOTAL SCORE: 2331 Bonus ------- Aligned with FarCom 300 Cogmind --------- Core Integrity 631/800 Matter 290/300 Energy 260/275 System Corruption 2% Temperature Cool (4) Movement Flying (37) Location -9/Mines Parts ------- > --- POWER (1) -------- Light Ion Engine > --- PROPULSION (2) --- Flight Unit Flight Unit > --- UTILITY (3) ------ Experimental Sensor Array Targeting Computer Light Armor Plating > --- WEAPON (2) ------- Latent Energy Streamer > --- INVENTORY (2) ---- Firepult Peak State ------------ > --- POWER ------------ Light Ion Engine > --- PROPULSION ------- Flight Unit Flight Unit > --- UTILITY ---------- Experimental Sensor Array Targeting Computer Light Armor Plating > --- WEAPON ----------- Firepult > --- INVENTORY -------- Compact Matter Pod Rocket Launcher [Rating: 34] Favorites ----------- Power Ion Engine Engine Ion Engine Propulsion Flight Unit Leg Aluminum Leg Hover Unit Hover Unit Flight Unit Flight Unit Utility Targeting Computer Device Experimental Sensor Array Processor Targeting Computer Protection Light Armor Plating Weapon Heavy Assault Rifle Energy Cannon Firepult Ballistic Gun Heavy Assault Rifle Launcher Grenade Launcher Build | -11 -10 -10 -10 -9 ------- Run | Jun Mat Min Exi Min Slots Evolved 4 | 1 2 1 . . Power . | . . . . . Propulsion 1 | . 1 . . . Utility 2 | . 1 1 . . Weapon 1 | 1 . . . . Parts Attached 28 | 1 17 4 6 . Power 1 | . 1 . . . Engine 1 | . 1 . . . Core . | . . . . . Reactor . | . . . . . Propulsion 8 | . 5 3 . . Treads . | . . . . . Leg 1 | . 1 . . . Wheel . | . . . . . Hover 2 | . 1 1 . . Flight 5 | . 3 2 . . Utility 4 | . 3 1 . . Device 2 | . 1 1 . . Storage . | . . . . . Processor 1 | . 1 . . . Hackware . | . . . . . Protection 1 | . 1 . . . Artifact . | . . . . . Weapon 15 | 1 8 . 6 . Energy Gun . | . . . . . Energy Cannon 2 | . . . 2 . Ballistic Gun 12 | 1 7 . 4 . Ballistic Cannon . | . . . . . Launcher 1 | . 1 . . . Special Weapon . | . . . . . Impact Weapon . | . . . . . Slashing Weapon . | . . . . . Piercing Weapon . | . . . . . Special Melee Weapon . | . . . . . Unidentified Prototypes 1 | . . 1 . . Parts Lost . | . . . . . Power . | . . . . . Propulsion . | . . . . . Utility . | . . . . . Weapon . | . . . . . Highest Loss Streak . | . . . . . To Critical Strikes . | . . . . . Average Slot Usage (%) 94 | . 94 96 92 87 Engine 15 | . 17 12 12 12 Leg 7 | . 11 . . . Flight 14 | . 7 25 25 25 Device 6 | . 4 5 12 12 Processor 12 | . 13 12 12 12 Protection 7 | . 4 12 12 12 Ballistic Gun 28 | . 34 25 13 . Naked Turns . | . . . . . Heaviest Build 29 | 7 14 13 29 17 Greatest Support 18 | 10 18 18 18 18 Greatest Overweight (x) 1 | . 1 . 1 . Average Overweight (x) . | . . . . . Largest Inventory Capacity 2 | . 1 2 2 2 Average Capacity 1 | . . 1 2 2 Most Carried 2 | . 1 2 2 2 Average Carried 1 | . . 1 1 2 Final Capacity 2 | . 1 2 2 2 Final Carried 2 | . 1 2 2 2 Class Distribution -------------------- 69% | Mutant 29% | Commander-Mutant Dominant Class ---------------- Mutant | -10/Materials Commander-Mutant | -10/Mines Commander-Mutant | -10/Exiles Commander-Scout | -9/Mines Resources | -11 -10 -10 -10 -9 ----------- Run | Jun Mat Min Exi Min Matter Collected 817 | 200 412 148 57 . Remotely . | . . . . . Salvage Created 553 | . 468 85 . . Parts 59 | . 46 13 . . Haulers Intercepted 1 | . 1 . . . Recyclers Shooed 1 | . 1 . . . Parts Field Recycled . | . . . . . Retrieved Matter . | . . . . . Parts Self-Destructed . | . . . . . Prevented . | . . . . . Kills | -11 -10 -10 -10 -9 ------- Run | Jun Mat Min Exi Min Combat Hostiles Destroyed 22 | . 14 8 . . Guns 18 | . 10 8 . . AOE 4 | . 4 . . . Classes Destroyed 7 | . 7 . . . Tunneler 1 | . 1 . . . Hauler 1 | . 1 . . . Recycler 2 | . 2 . . . Operator 1 | . 1 . . . Watcher 3 | . 3 . . . Swarmer 12 | . 6 6 . . Grunt 10 | . 8 2 . . Best Kill Streak 4 | . 4 3 . . Combat Bots Only 4 | . 4 3 . . Max Kills in Single Turn 4 | . 4 1 . . Gunslinging . | . . . . . Exploded 2 | . 2 . . . Melee . | . . . . . Uniques/NPCs Destroyed . | . . . . . Combat | -11 -10 -10 -10 -9 -------- Run | Jun Mat Min Exi Min Damage Taken 732 | . 374 105 253 . Core 545 | . 297 79 169 . Absorbed by Shields . | . . . . . Redirected to Core 415 | . 246 49 120 . Core Remaining (%) 100 | 100 . . . . Volleys Fired 64 | . 46 18 . . Largest 2 | . 2 2 . . Hottest 46 | . 46 46 . . Shots Fired 126 | . 90 36 . . Gun 124 | . 88 36 . . Cannon . | . . . . . Launcher 2 | . 2 . . . Special . | . . . . . Kinetic 124 | . 88 36 . . Thermal . | . . . . . Explosive 2 | . 2 . . . Electromagnetic . | . . . . . Robot Hit Streak 8 | . 8 4 . . Robot Miss Streak 3 | . 2 3 . . Penetration Max . | . . . . . Secondary Targets 2 | . 1 1 . . Max Gunslinging Chain 1 | . 1 1 . . Shots Hit Robots 78 | . 58 20 . . Core Hits 45 | . 36 9 . . Critical Kills . | . . . . . Critical Parts Destroyed . | . . . . . Critical Strikes . | . . . . . Melee Attacks . | . . . . . Impact . | . . . . . Slashing . | . . . . . Piercing . | . . . . . Sneak Attacks . | . . . . . Combat Hostiles . | . . . . . Follow-up Attacks . | . . . . . Damage Inflicted 1424 | . 1127 297 . . Guns 875 | . 578 297 . . Cannons . | . . . . . Explosions 545 | . 545 . . . Melee . | . . . . . Ramming 4 | . 4 . . . Kinetic 875 | . 578 297 . . Thermal 349 | . 349 . . . Explosive 196 | . 196 . . . Electromagnetic . | . . . . . Impact . | . . . . . Slashing . | . . . . . Piercing . | . . . . . Highest Corruption 2 | . 2 2 2 2 Average Corruption 2 | . 2 2 2 2 Corruption Purged . | . . . . . Corruption Blocked . | . . . . . Effects 13 | . 3 4 6 . Message Errors 4 | . 1 1 2 . Matter Fused 2 | . 1 . 1 . Heat Flow Errors 1 | . . 1 . . Energy Discharges 1 | . . . 1 . Parts Rejected 1 | . . 1 . . Data Loss (minor) 2 | . . 1 1 . Alerts 2 | . 1 . 1 . Overload Shots . | . . . . . Overflow Damage 53 | . 53 . . . Projectiles . | . . . . . Explosions 53 | . 53 . . . Melee . | . . . . . Knockbacks . | . . . . . Impact . | . . . . . Kinetic . | . . . . . Secondary . | . . . . . Self-Inflicted Damage 167 | . 167 . . . Shots 2 | . 2 . . . Rammed . | . . . . . Targets Rammed 2 | . 2 . . . Kicked 2 | . 2 . . . Crushed . | . . . . . Highest Temperature 138 | . 19 138 . . Average Temperature 26 | . 8 61 . . Received Heat Transfer 177 | . 87 36 54 . Siege Activations . | . . . . . Robots Corrupted . | . . . . . Combat Hostiles . | . . . . . Parts Fried . | . . . . . Impact Corruptions . | . . . . . Robots Melted . | . . . . . Combat Hostiles . | . . . . . Parts Melted . | . . . . . Heat Transferred 250 | . 250 . . . Parts Sabotaged . | . . . . . Parts Stolen . | . . . . . Parts Stripped . | . . . . . Power Chain Reactions . | . . . . . Missiles Intercepted . | . . . . . Alert | -11 -10 -10 -10 -9 ------- Run | Jun Mat Min Exi Min Peak Influence 399 | . 399 359 . . Initial 109 | . . 109 . . Average 183 | . 152 274 . . Maximum Alert Level 1 | . 1 1 . . Low Security (%) 51 | 100 61 22 . 100 Level 1 48 | . 38 77 . . Level 2 . | . . . . . Level 3 . | . . . . . Level 4 . | . . . . . Level 5 . | . . . . . High Security . | . . . . . Max Security . | . . . . . Squads Dispatched 4 | . 4 . . . Investigation 3 | . 3 . . . Extermination . | . . . . . Reinforcement 1 | . 1 . . . Assault . | . . . . . Garrison . | . . . . . Intercept . | . . . . . Searches Triggered . | . . . . . Construction Impeded . | . . . . . Haulers Reinforced . | . . . . . Active Scanning Responses . | . . . . . Cargo Convoy Interrupts . | . . . . . Stealth | -11 -10 -10 -10 -9 --------- Run | Jun Mat Min Exi Min Distress Signals 2 | . 2 . . . Communications Jammed . | . . . . . Distress Signals . | . . . . . Times Spotted 37 | . 20 10 7 . Peak Tracking Total 7 | . 4 3 7 . Tactical Retreats 1 | . . 1 . . Traps | -11 -10 -10 -10 -9 ------- Run | Jun Mat Min Exi Min Traps Triggered 4 | . 4 . . . Indirectly . | . . . . . Trap Hack Attempts . | . . . . . Triggered . | . . . . . Disarmed . | . . . . . Reprogrammed . | . . . . . Reused . | . . . . . Traps Extracted . | . . . . . Installed . | . . . . . Triggered . | . . . . . Machines | -11 -10 -10 -10 -9 ---------- Run | Jun Mat Min Exi Min Machines Disabled 3 | . 3 . . . Max in Single Turn 3 | . 3 . . . Machines Repaired . | . . . . . Machines Sabotaged . | . . . . . Overloaded Fab Kills . | . . . . . Hacking | -11 -10 -10 -10 -9 --------- Run | Jun Mat Min Exi Min Machines Accessed 8 | . 7 . 1 . Terminals 6 | . 6 . . . Fabricators . | . . . . . Repair Stations 1 | . 1 . . . Recycling Units . | . . . . . Scanalyzers . | . . . . . Garrison Access . | . . . . . Total Hacks 18 | . 17 . 1 . Successful 9 | . 8 . 1 . Failed 9 | . 9 . . . Catastrophic . | . . . . . Database Lockouts . | . . . . . Manual 15 | . 14 . 1 . Terminals 15 | . 15 . . . Fabricators . | . . . . . Repair Stations 2 | . 2 . . . Recycling Units . | . . . . . Scanalyzers . | . . . . . Garrison Access . | . . . . . Terminal Hacks 4 | . 3 . 1 . Branch Access Points 1 | . 1 . . . Terminal Index 1 | . 1 . . . Locate Traps 1 | . 1 . . . EX-Prototype ID Bank 1 | . . . 1 . Fabricator Hacks . | . . . . . Repair Station Hacks . | . . . . . Recycling Unit Hacks . | . . . . . Scanalyzer . | . . . . . Garrison Access Hacks . | . . . . . Unauthorized Hacks 5 | . 5 . . . Terminals 5 | . 5 . . . Assimilate 3 | . 3 . . . Botnet 1 | . 1 . . . Operators 1 | . 1 . . . Fabricators . | . . . . . Repair Stations . | . . . . . Recycling Units . | . . . . . Scanalyzers . | . . . . . Garrison Access . | . . . . . Data Cores Recovered 1 | . 1 . . . Used . | . . . . . Hacking Detections 5 | . 5 . . . Full Trace Events 1 | . 1 . . . Feedback Events . | . . . . . Feedback Blocked . | . . . . . Robot Schematics Acquired . | . . . . . Robots Built . | . . . . . Authchips . | . . . . . Time . | . . . . . Total Robot Build Rating . | . . . . . Part Schematics Acquired . | . . . . . Parts Built . | . . . . . Authchips . | . . . . . Time . | . . . . . Total Part Build Rating . | . . . . . Parts Repaired . | . . . . . Time . | . . . . . Parts Recycled . | . . . . . Recycled Matter . | . . . . . Retrieved Matter . | . . . . . Retrieved Components . | . . . . . Parts Scanalyzed . | . . . . . Part Schematics Acquired . | . . . . . Parts Damaged . | . . . . . Bothacking | -11 -10 -10 -10 -9 ------------ Run | Jun Mat Min Exi Min Used RIF Installer . | . . . . . Robots Hacked . | . . . . . Non-combat . | . . . . . Combat . | . . . . . Robot Hacks Applied . | . . . . . Relay Couplers Released . | . . . . . Fabnet Peak Effective % . | . . . . . Robots Rewired . | . . . . . Allies Hacked . | . . . . . Hacks Repelled . | . . . . . Allies | -11 -10 -10 -10 -9 -------- Run | Jun Mat Min Exi Min Total Allies 4 | . 1 3 . . Largest Group 4 | . 1 4 4 4 Highest-Rated Group 50 | . 10 50 50 50 Highest-Rated Ally 16 | . 10 16 16 16 Total Orders 9 | . 4 3 1 1 STAY 4 | . 2 1 1 . ROAM 1 | . . 1 . . FOLLOW 4 | . 2 1 . 1 Ally Attacks . | . . . . . Total Damage . | . . . . . Kills . | . . . . . Allies Corrupted . | . . . . . Allies Melted . | . . . . . Intel | -11 -10 -10 -10 -9 ------- Run | Jun Mat Min Exi Min Robot Analysis Total . | . . . . . Derelict Logs Recovered 2 | . . 2 . . Drone Launches . | . . . . . Drone Recoveries . | . . . . . Exploration | -11 -10 -10 -10 -9 ------------- Run | Jun Mat Min Exi Min Turns Passed 1542 | 3 922 354 248 15 Spaces Moved 1955 | 2 858 651 420 24 Core 1 | . . 1 . . Treads . | . . . . . Legs 383 | 2 381 . . . Wheels . | . . . . . Hover 5 | . 2 3 . . Flight 1566 | . 475 647 420 24 Fastest Speed 37 | 120 37 37 37 37 Average Speed 59 | 120 83 37 45 37 Slowest Speed 120 | 120 120 60 117 37 Overloaded Moves . | . . . . . Propulsion Burnouts . | . . . . . Robots Hopped 11 | . 2 9 . . Cave-ins Triggered . | . . . . . Exploration Rate (%) 52 | 2 94 96 64 5 Regions Visited 4 Branch Regions 3 Pre-discovered Areas 1 | . . 1 . . Known Exits Taken 1 | . 1 . . . Unknown Exits Taken 3 | 1 . 1 1 . Scrap Searched 2 | . . 2 . . Spaces Dug . | . . . . . Terrain Destroyed 51 | . 51 . . . Melee . | . . . . . Projectile . | . . . . . AOE 51 | . 51 . . . Terrain Rammed . | . . . . . Walls Destroyed . | . . . . . Machines Disabled . | . . . . . Actions | -11 -10 -10 -10 -9 --------- Run | Jun Mat Min Exi Min Total 2210 | 2 981 718 479 30 Wait 122 | . 35 36 45 6 Move 1929 | 1 853 632 419 24 Hop 11 | . 2 9 . . Pick Up 5 | . 3 2 . . Fast Attach 22 | 1 11 4 6 . Attach . | . . . . . Detach 1 | . . . 1 . Swap 6 | . 6 . . . Drop 23 | . 12 3 8 . Fire 64 | . 46 18 . . Melee . | . . . . . Ram . | . . . . . Kick 2 | . 2 . . . Crush . | . . . . . Escape Stasis . | . . . . . Rewire . | . . . . . Trap . | . . . . . Miscellaneous 25 | . 11 14 . . Route ------- -11/Junkyard -10/Materials (discovered 4 exits: [*Mat x3] / *Min) -10/Mines (discovered 3 exits: [*Mat x2] / *Exi) -10/Exiles (discovered 2 exits: [*Min x2]) -9/Mines History --------- Turn | Location | Event 1 | -11/Junkyard | Upgraded with Weapon slot (x1) 1 | -11/Junkyard | Discovered new exit (range 1) 4 | -11/Junkyard | Entered Materials 300 | -10/Materials | Build established: Mutant 319 | -10/Materials | Upgraded with Utility slot (x1) 483 | -10/Materials | Discovered new exit (range 8) 573 | -10/Materials | Discovered new exit (range 12) 585 | -10/Materials | Reached level 2 722 | -10/Materials | Discovered new exit (range 12) 761 | -10/Materials | Upgraded with Propulsion slot (x1) 809 | -10/Materials | Discovered new exit (range 15) 811 | -10/Materials | Identified exit to Mines 926 | -10/Materials | Entered Mines 926 | -10/Mines | Accompanied by 1 ally 932 | -10/Mines | Deemed a non-threat by the Exiles lab entrance 1000 | -10/Mines | Reached level 3 1038 | -10/Mines | Upgraded with Utility slot (x1) 1056 | -10/Mines | Found a hidden stash of uninstalled traps 1064 | -10/Mines | Discovered new exit (range 3) 1075 | -10/Mines | Learned location of Zion (-7) 1077 | -10/Mines | Assisted by bots powering up and referring to "LRC-V3" 1080 | -10/Mines | Learned Materials security intel 1114 | -10/Mines | Found a damaged Exp. Sensor Array with a note attached 1114 | -10/Mines | Found Prototype Device 1114 | -10/Mines | Identified Exp. Sensor Array 1117 | -10/Mines | Discovered new exit (range 17) 1138 | -10/Mines | Received a Rocket Launcher from a helpful Derelict 1266 | -10/Mines | Discovered new exit (range 5) 1280 | -10/Mines | Entered Exiles 1280 | -10/Exiles | Accompanied by 4 allies 1285 | -10/Exiles | Discovered new exit (range 16) 1289 | -10/Exiles | Met 8R-AWN 1300 | -10/Exiles | Met EX-HEX 1313 | -10/Exiles | Met EX-BIN 1319 | -10/Exiles | Aligned with FarCom system 1320 | -10/Exiles | Given EX-Vault access code 1328 | -10/Exiles | Opened EX-Vault 1331 | -10/Exiles | Found Firepult 1357 | -10/Exiles | Warned to stay clear of 0b10 Research branches 1371 | -10/Exiles | Exiles lab attacked by MAIN.C 1371 | -10/Exiles | Build established: Commander-Mutant 1408 | -10/Exiles | Discovered new exit (range 10) 1492 | -10/Exiles | Found Latent Energy Streamer 1528 | -10/Exiles | Stole two prototypes: Latent Energy Streamer, Firepult 1528 | -10/Exiles | Entered Mines 1528 | -9/Mines | Accompanied by 4 allies 1530 | -9/Mines | Reached level 4 1543 | -9/Mines | Self-destructed Last Messages --------------- 01492_ Acquired Latent Energy Streamer. 01493_ Dropped Hvy. Assault Rifle. 01510_ QRQJI4|R|LN=X,&9FH6XNOO1RC/RDA5O3CFVQGD 01510_ Machine disabled. 01513_ Slug penetrates Wall. 01516_ Penetrated by Slug. 01516_ Slug penetrates Wall. LOCATION=UNKNOWN GOAL=ESCAPE 01528_ Receiving FarCom transmissions... 01529_ 5L-KAT: "That was close. Too bad in all the rush we got split up from the others." 01529_ K-01 Serf collects debris. 01530_ Reached level 4. 01530_ Upgraded: Heat Dissipation (+18) 01530_ Upgraded: Energy Generation (+5) 01530_ Upgraded: Energy Storage (+100) 01536_ Upgraded: Energy Storage (+50) 01536_ Upgraded: EX Resistance % (+5) 01540_ T-07 Excavator is excavating. Map ----- +----------------------------------------------------+ | ?????????????????????????????????????????????????? | | ?????????????????????????????????????????????????? | | ?????????????????????????????????????????????????? | | ?????????????????????????????????????????????????? | | ?????????????????????????????????????????????????? | | ?????????????????????????????????????????????????? | | ?????????????????????????????????????????????????? | | ?????????????????????????????????????????????????? | | ?????????????????????????????????????????????????? | | ?????????????????????????????????????????????????? | | ?????????????????????????????????????????????????? | | ?????????????????????????????????????????????????? | | ?????????????????????????????????????????????????? | | ?????????????????????????????????????????????????? | | ????????###??????????????????????????????????????? | | ???????? #??????????????????????????????????????? | | ???????? #??????????????????????????????????????? | | ????????# #??????????????????????????????????????? | | ????????# #??????????????????????????????????????? | | ????????# #??????????????????????????????????????? | | ????????#?#??????????????????????????????????????? | | ??????### ######?????????????????????????????????? | | ??????# ? #?????????????????????????????????? | | ??????# ? ?? #?????????????????????????????????? | | ??????# """ ##############????????????????????? | | ??????# """ @t #????????????????????? | | ??????# ?""" ##############????????????????????? | | ??????# #?????????????????????????????????? | | ??????##########?????????????????????????????????? | | ?????????????????????????????????????????????????? | | ?????????????????????????????????????????????????? | | ?????????????????????????????????????????????????? | | ?????????????????????????????????????????????????? | | | | | | | | | | | | | | | | | | | | | | | | | | | | | | | | | | | +----------------------------------------------------+ Best States ------------- Heat Dissipation 67 Energy Generation 15 Energy Capacity 275 Matter Stores 300 Matter Capacity 300 Sight Range 17 Robot Scan Range 32 Terrain Scan Density 10 Armor Coverage 150 Resistance: KI 5 Resistance: TH 5 Resistance: EX 5 Evasion (%) 62 Targeting Accuracy 5 Offensive Hacking 5 Defensive Hacking 5 Item Schematics ----------------- None Robot Schematics ------------------ None Fabricated ------------ Nothing Alien Tech Used ----------------- None Achievements -------------- None Challenges ------------ None RPGLIKE | -11 -10 -10 -10 -9 --------- Run | Jun Mat Min Exi Min Levels Raised 3 | . 1 1 . 1 XP Earned 7505 | 3000 2205 1450 350 500 XP Spent 7480 | 500 3835 1460 110 1575 Upgrades 36 | 1 22 4 1 8 Propulsion Slot 1 | . 1 . . . Utility Slot 2 | . 1 1 . . Weapon Slot 1 | 1 . . . . Core Integrity 4 | . 4 . . . Heat Dissipation 7 | . 1 2 1 3 Energy Generation 1 | . . . . 1 Energy Storage 3 | . . . . 3 Mass Support 2 | . 2 . . . Inventory Capacity 2 | . 1 1 . . Sight Range 1 | . 1 . . . Sensor Range 6 | . 6 . . . Hack Attack % 1 | . 1 . . . Hack Defense % 1 | . 1 . . . KI Resistance % 1 | . 1 . . . TH Resistance % 1 | . 1 . . . EX Resistance % 1 | . . . . 1 KI Damage % 1 | . 1 . . . Protomatter Created 295 | . 186 109 . . Integrity Restored 465 | . 209 256 . . Core 376 | . 195 181 . . Parts 89 | . 14 75 . . Protomatter Decayed 96 | . 77 19 . . Game ------ Seed DefenseMyomerField Manual? 0 Play Time 00:31:07 Cumulative 65.9 hours Start 2023.03.10 @ 23:29:14 End 2023.03.11 @ 00:01:05 Sessions 1 Manual Loads 0 Difficulty Rogue Special Mode Winter2019/RPGLIKE Game No. 55 Rogue 55 Adventurer 0 Explorer 0 Win Type - Total 1 Types 1/0/0/0/0/0/0/0/0 Lore% 35 Gallery% 45 Achievement% 39 Wizard Run 0 Options --------- ASCII 0 Keyboard 0 Movement Numpad Keybinds 0 Fullscreen 1 Font 12/Smallcaps Map View 83x54 Tactical HUD 1 Map Filters NONE Filters NONE Steam 1 RUN: 03893c3d-219e-4522-b209-1e54d4c59073